Demolitions vs Mulligans
Created - 22 janvier 2017 at 19:37
Goals
|
| Demolitions |
0 |
0 |
1 |
1 |
| Mulligans |
2 |
4 |
0 |
6 |
|
Shots
|
| Demolitions |
7 |
7 |
7 |
21 |
| Mulligans |
9 |
20 |
11 |
40 |
|
1st period
1. Mulligans , Denis Arkhipov 9 (Chris Neil, Drayson Bowman) at 3:08
2. Mulligans , Chris Neil 16 (Denis Arkhipov, Michael Del Zotto) at 13:41
Penalties :
Corban Knight (Vic) for Hooking (Minor) at 4:32, Ryan Vesce (Vic) for Elbowing (Minor) at 14:08
2nd period
3. Mulligans , Michael Del Zotto 8 (Chris Neil, Denis Arkhipov) at 1:43 (PP)
4. Mulligans , Drayson Bowman 14 (Michael Del Zotto, Denis Arkhipov) at 1:49
5. Mulligans , Anton Lander 13 (Jordan Szwarz) at 8:14
6. Mulligans , Jordan Szwarz 7 (Eric Tangradi, Thomas Hickey) at 18:01
Penalties :
Cameron Schilling (Vic) for Delaying the game (Minor) at 1:38, Bobby Butler (Vic) for Tripping (Minor) at 8:41
3rd period
7. Demolitions , Matt D'Agostini 14 (Nigel Dawes, Marek Zagrapan) at 14:04
Penalties :
Ryan Vesce (Vic) for High sticking (Minor) at 4:40, Marek Zagrapan (Vic) for Hooking (Minor) at 9:13
Goalie Stats
Brent Krahn (Vic), 10 saves from 14 shots - (0,714), L, 16-12-3, 21:49 minutes
Joe Cannata (Vic), 24 saves from 26 shots - (0,923), 38:11 minutes
Anders Lindback (Rep), 20 saves from 21 shots - (0,952), W, 11-8-2, 60:00 minutes
Players Stats for Demolitions
Player Name G A P +/- PIM S H SB GA TA FO MP PP MP PK MP
------------------------------------------------------------------------------------
Alex Hutchings 0 0 0 0 0 0 0 0 0 0 0/0 9:46 0:00 1:30
Andrew Campbell 0 0 0 0 0 0 0 0 0 0 0/0 9:29 0:00 0:00
Billy Sweat 0 0 0 0 0 1 2 0 0 0 1/2 16:04 0:00 3:15
Bobby Butler 0 0 0 -3 2 3 1 2 2 0 4/9 23:43 0:00 4:23
Cameron Schilling 0 0 0 -2 2 3 0 0 0 1 0/0 24:16 0:00 5:20
Corban Knight 0 0 0 0 2 2 0 0 0 0 2/5 9:21 0:00 1:02
Darren Helm 0 0 0 -3 0 0 1 0 1 0 10/24 17:26 0:00 2:53
David Laliberté 0 0 0 0 0 1 1 0 0 0 0/0 13:33 0:00 0:00
David Rundblad 0 0 0 -3 0 0 0 6 0 1 0/0 18:33 0:00 4:35
Doug Janik 0 0 0 -2 0 2 0 1 0 1 0/0 24:22 0:00 5:25
Marek Zagrapan 0 1 1 -1 2 0 1 1 0 1 4/7 14:37 0:00 0:00
Matt D'Agostini 1 0 1 -1 0 3 1 0 0 0 0/1 15:54 0:00 0:00
Nick Pryor 0 0 0 1 0 0 0 1 0 0 0/0 7:36 0:00 0:00
Nicolas Blanchard 0 0 0 0 0 0 1 0 0 0 1/6 13:00 0:00 0:00
Nigel Dawes 0 1 1 -1 0 4 2 0 0 0 0/0 20:21 0:00 5:36
Robert Bortuzzo 0 0 0 0 0 0 0 1 0 0 0/0 9:34 0:00 0:05
Ryan Vesce 0 0 0 -3 4 2 3 0 0 0 0/2 16:10 0:00 1:21
Seth Helgeson 0 0 0 -3 0 0 1 2 0 0 0/0 18:33 0:00 4:35
Taylor Aronson 0 0 0 1 0 0 0 0 0 0 0/0 7:36 0:00 0:00
Players Stats for Mulligans
Player Name G A P +/- PIM S H SB GA TA FO MP PP MP PK MP
------------------------------------------------------------------------------------
Anton Lander 1 0 1 2 0 3 1 0 0 0 8/13 19:35 5:07 0:00
Cade Fairchild 0 0 0 0 0 0 0 0 0 0 0/0 8:39 0:00 0:00
Chris Neil 1 2 3 3 0 2 1 0 0 0 1/2 19:35 4:51 0:00
Cody Goloubef 0 0 0 0 0 0 0 0 0 1 0/0 8:39 0:00 0:00
Denis Arkhipov 1 3 4 3 0 2 2 0 0 0 21/34 19:26 4:51 0:00
Drayson Bowman 1 1 2 3 0 3 2 1 1 0 0/0 19:26 4:51 0:00
Eric Tangradi 0 1 1 2 0 5 5 0 0 0 0/0 19:35 5:07 0:00
Gord Baldwin 0 0 0 -1 0 0 0 1 0 0 0/0 10:58 0:00 0:00
Jan Hlavac 0 0 0 -1 0 1 1 1 0 0 0/0 10:17 0:02 0:00
Jonathan Tremblay 0 0 0 0 0 3 1 0 1 0 0/0 15:44 5:07 0:00
Jordan Szwarz 1 1 2 2 0 2 2 0 2 0 0/0 14:43 0:02 0:00
Logan Shaw 0 0 0 -1 0 0 1 0 0 0 0/0 10:17 0:02 0:00
Matt Beleskey 0 0 0 0 0 3 0 0 0 0 0/1 10:42 0:00 0:00
Matt Donovan 0 0 0 -1 0 0 0 0 0 1 0/0 10:58 0:00 0:00
Matt Niskanen 0 0 0 3 0 3 0 1 0 0 0/0 18:33 3:21 0:00
Matt Taormina 0 0 0 2 0 5 0 1 0 0 0/0 21:50 6:39 0:00
Maxime Macenauer 0 0 0 0 0 0 1 0 0 0 3/5 10:42 0:00 0:00
Michael Del Zotto 1 2 3 2 0 7 1 1 0 0 0/0 21:50 6:39 0:00
Thomas Hickey 0 1 1 3 0 0 0 1 0 0 0/0 18:33 3:21 0:00
Tim Schaller 0 0 0 -1 0 1 1 0 0 1 1/1 9:58 0:00 0:00
3 Stars
1 - Denis Arkhipov (Rep)
2 - Chris Neil (Rep)
3 - Michael Del Zotto (Rep)
Power Play
Demolitions - 0 on 0 Attempt(s) - 0,00%
Mulligans - 1 on 6 Attempt(s) - 16,67%
Penalty Kill
Demolitions - 5 on 6 Attempt(s) - 83,33%
- Score 0 goal in Penalty Kill
Mulligans - 0 on 0 Attempt(s) - 0,00%
- Score 0 goal in Penalty Kill
Team Stat
Demolitions - Hits : 14 - Faceoff Wins : 22 - Blocked Shots : 14 - Penalty Minutes : 12
Mulligans - Hits : 19 - Faceoff Wins : 34 - Blocked Shots : 7 - Penalty Minutes : 0
Official
Referees : Kowal Tom and Jackson Dave
Linesman : Scott Driscoll and Thor Nelson
Game Notes
Joe Cannata enters game at 1:49 of 2nd period
Finance
Level 1 -- Attendance: 1468 (73,40%) -- Ticket Income 29 360 $
Level 2 -- Attendance: 700 (70,00%) -- Ticket Income 4 900 $
Total Attendance: 2168 (72,27%)
Total Ticket Income: 34 260 $
Other Income: 1 713 $
Total Income: 35 973 $
Demolitions
5 vs 5 Forward
Center Left Wing Right Wing Time % Phy DF OF
1 Darren Helm Bobby Butler Ryan Vesce 40 1 2 2
2 Marek Zagrapan Nigel Dawes Matt D'Agostini 30 1 2 2
3 Nicolas Blanchard Billy Sweat David Laliberté 20 1 2 2
4 Corban Knight Alex Hutchings Bobby Butler 10 1 2 2
5 vs 5 Defense
Defense Defense Time % Phy DF OF
1 Doug Janik Cameron Schilling 40 1 2 2
2 Seth Helgeson David Rundblad 30 1 2 2
3 Andrew Campbell Robert Bortuzzo 20 1 2 2
4 Taylor Aronson Nick Pryor 10 1 2 2
PowerPlay Forward
Center Left Wing Right Wing Time % Phy DF OF
1 Darren Helm Bobby Butler Ryan Vesce 60 1 2 2
2 Marek Zagrapan Nigel Dawes Matt D'Agostini 40 1 2 2
PowerPlay Defense
Defense Defense Time % Phy DF OF
1 Doug Janik Cameron Schilling 60 1 2 2
2 Seth Helgeson David Rundblad 40 1 2 2
Penalty Kill 4 Players Forward
Center Wing Time % Phy DF OF
1 Bobby Butler Nigel Dawes 60 1 2 2
2 Darren Helm Ryan Vesce 40 1 2 2
Penalty Kill 4 Players Defense
Defense Defense Time % Phy DF OF
1 Doug Janik Cameron Schilling 60 1 2 2
2 Seth Helgeson David Rundblad 40 1 2 2
Penalty Kill - 3 Players Forward
Forward Time % Phy DF OF
1 Bobby Butler 60 1 2 2
2 Nigel Dawes 40 1 2 2
Penalty Kill - 3 Players Defense
Defense Defense Time % Phy DF OF
1 Doug Janik Cameron Schilling 60 1 2 2
2 Seth Helgeson David Rundblad 40 1 2 2
4 vs 4 Forward
Center Wing Time % Phy DF OF
1 Bobby Butler Nigel Dawes 60 1 2 2
2 Darren Helm Ryan Vesce 40 1 2 2
4 vs 4 Defense
Defense Defense Time % Phy DF OF
1 Doug Janik Cameron Schilling 60 1 2 2
2 Seth Helgeson David Rundblad 40 1 2 2
Last Minutes Offensive
Center Left Wing Right Wing Defense Defense
Darren Helm Bobby Butler Ryan Vesce Doug Janik Cameron Schilling
Last Minutes Defensive
Center Left Wing Right Wing Defense Defense
Darren Helm Bobby Butler Ryan Vesce Doug Janik Cameron Schilling
Goaltenders
Starting : Brent Krahn
Backup : Joe Cannata
Extra Forwards
Normal : David Laliberté, Nicolas Blanchard, Billy Sweat - PP : David Laliberté, Nicolas Blanchard - PK : Billy Sweat
Extra Defensemen
Normal : Andrew Campbell, Robert Bortuzzo, Taylor Aronson - PP : Andrew Campbell - PK : Robert Bortuzzo, Taylor Aronson
Penalty Shots
Bobby Butler, Nigel Dawes, Darren Helm, Ryan Vesce, Matt D'Agostini
Mulligans
5 vs 5 Forward
Center Left Wing Right Wing Time % Phy DF OF
1 Denis Arkhipov Drayson Bowman Chris Neil 30 0 3 2
2 Anton Lander Eric Tangradi Jordan Szwarz 28 0 3 2
3 Maxime Macenauer Matt Beleskey Jonathan Tremblay 24 0 3 2
4 Tim Schaller Jan Hlavac Logan Shaw 18 0 3 2
5 vs 5 Defense
Defense Defense Time % Phy DF OF
1 Michael Del Zotto Matt Taormina 30 1 3 1
2 Thomas Hickey Matt Niskanen 30 1 3 1
3 Gord Baldwin Matt Donovan 22 1 4 0
4 Cade Fairchild Cody Goloubef 18 1 3 1
PowerPlay Forward
Center Left Wing Right Wing Time % Phy DF OF
1 Denis Arkhipov Drayson Bowman Chris Neil 60 1 0 4
2 Anton Lander Eric Tangradi Jonathan Tremblay 40 1 0 4
PowerPlay Defense
Defense Defense Time % Phy DF OF
1 Michael Del Zotto Matt Taormina 55 1 1 3
2 Thomas Hickey Matt Niskanen 45 0 2 3
Penalty Kill 4 Players Forward
Center Wing Time % Phy DF OF
1 Tim Schaller Jan Hlavac 60 1 3 1
2 Anton Lander Chris Neil 40 1 3 1
Penalty Kill 4 Players Defense
Defense Defense Time % Phy DF OF
1 Matt Donovan Gord Baldwin 60 1 4 0
2 Cody Goloubef Cade Fairchild 40 1 4 0
Penalty Kill - 3 Players Forward
Forward Time % Phy DF OF
1 Jan Hlavac 60 1 4 0
2 Anton Lander 40 1 4 0
Penalty Kill - 3 Players Defense
Defense Defense Time % Phy DF OF
1 Matt Donovan Gord Baldwin 60 1 2 2
2 Cade Fairchild Cody Goloubef 40 1 2 2
4 vs 4 Forward
Center Wing Time % Phy DF OF
1 Denis Arkhipov Chris Neil 60 0 2 3
2 Anton Lander Drayson Bowman 40 1 2 2
4 vs 4 Defense
Defense Defense Time % Phy DF OF
1 Michael Del Zotto Matt Taormina 60 0 3 2
2 Thomas Hickey Matt Niskanen 40 0 3 2
Last Minutes Offensive
Center Left Wing Right Wing Defense Defense
Denis Arkhipov Matt Beleskey Chris Neil Michael Del Zotto Matt Taormina
Last Minutes Defensive
Center Left Wing Right Wing Defense Defense
Anton Lander Jan Hlavac Chris Neil Matt Taormina Matt Donovan
Goaltenders
Starting : Anders Lindback
Backup : Calvin Pickard
Extra Forwards
Normal : Drayson Bowman, Jordan Szwarz, Matt Beleskey - PP : Drayson Bowman, Jordan Szwarz - PK : Maxime Macenauer
Extra Defensemen
Normal : Matt Donovan, Cody Goloubef, Cade Fairchild - PP : Matt Donovan - PK : Cody Goloubef, Cade Fairchild
Penalty Shots
Jan Hlavac, Denis Arkhipov, Chris Neil, Maxime Macenauer, Matt Taormina
% Time on Ice - Demolitions
Lines # - Real PCT - Wanted PCT - Time Play
Normal Forward
1 - 29% - 40% - 14:15
2 - 31% - 30% - 15:21
3 - 25% - 20% - 12:29
4 - 16% - 10% - 7:55
Normal Defense
1 - 38% - 40% - 18:57
2 - 28% - 30% - 13:58
3 - 19% - 20% - 9:29
4 - 15% - 10% - 7:36
PP Forward
1 - 0% - 60%
2 - 0% - 40%
PP Defense
1 - 0% - 60%
2 - 0% - 40%
PK Forward
1 - 71% - 60% - 7:07
2 - 29% - 40% - 2:53
PK Defense
1 - 54% - 60% - 5:25
2 - 46% - 40% - 4:35
PK3 Forward
1 - 0% - 60%
2 - 0% - 40%
PK3 Defense
1 - 0% - 60%
2 - 0% - 40%
44 Forward
1 - 0% - 60%
2 - 0% - 40%
44 Defense
1 - 0% - 60%
2 - 0% - 40%
Last Minute Offensive - 0:00
Last Minute Defensive - 0:00
Total
Forward - 60:00
Defense - 60:00
|
% Time on Ice - Mulligans
Lines # - Real PCT - Wanted PCT - Time Play
Normal Forward
1 - 30% - 30% - 14:52
2 - 29% - 28% - 14:28
3 - 21% - 24% - 10:42
4 - 20% - 18% - 9:58
Normal Defense
1 - 30% - 30% - 15:11
2 - 30% - 30% - 15:12
3 - 22% - 22% - 10:58
4 - 17% - 18% - 8:39
PP Forward
1 - 49% - 60% - 4:53
2 - 51% - 40% - 5:07
PP Defense
1 - 67% - 55% - 6:39
2 - 34% - 45% - 3:21
PK Forward
1 - 0% - 60%
2 - 0% - 40%
PK Defense
1 - 0% - 60%
2 - 0% - 40%
PK3 Forward
1 - 0% - 60%
2 - 0% - 40%
PK3 Defense
1 - 0% - 60%
2 - 0% - 40%
44 Forward
1 - 0% - 60%
2 - 0% - 40%
44 Defense
1 - 0% - 60%
2 - 0% - 40%
Last Minute Offensive - 0:00
Last Minute Defensive - 0:00
Total
Forward - 60:00
Defense - 60:00
|
Play by Play
1st period
0:01 of 1st period - Denis Arkhipov wins face-off versus Darren Helm in neutral zone.
0:23 of 1st period - Icing by Matt Taormina.
0:24 of 1st period - Marek Zagrapan wins face-off versus Anton Lander in Mulligans zone.
0:49 of 1st period - Matt D'Agostini is hit by Tim Schaller.
1:15 of 1st period - Wrist shot by Jonathan Tremblay.
1:15 of 1st period - Shot Blocked by Robert Bortuzzo.
1:17 of 1st period - Slapshot by Thomas Hickey.
1:17 of 1st period - Shot Misses the Net.
1:19 of 1st period - Snap shot by Maxime Macenauer.
1:19 of 1st period - Shot Misses the Net.
1:21 of 1st period - Slapshot by Thomas Hickey.
1:21 of 1st period - Deflect By Matt Beleskey.
1:21 of 1st period - Shot Misses the Net.
1:21 of 1st period - Puck is out of play.
1:22 of 1st period - Denis Arkhipov wins face-off versus Ryan Vesce in Demolitions zone.
2:37 of 1st period - Snap shot by Tim Schaller.
2:37 of 1st period - Stopped by Brent Krahn without a rebound.
2:38 of 1st period - Anton Lander wins face-off versus Nicolas Blanchard in Demolitions zone.
2:41 of 1st period - Slapshot by Eric Tangradi.
2:41 of 1st period - Deflect By Jordan Szwarz.
2:41 of 1st period - Shot Misses the Net.
2:41 of 1st period - Puck is out of play.
2:42 of 1st period - Anton Lander wins face-off versus Nicolas Blanchard in Demolitions zone.
2:51 of 1st period - Snap shot by Eric Tangradi.
2:51 of 1st period - Stopped by Brent Krahn without a rebound.
2:52 of 1st period - Darren Helm wins face-off versus Denis Arkhipov in Demolitions zone.
2:57 of 1st period - Wrist shot by Ryan Vesce.
2:57 of 1st period - Stopped by Anders Lindback with a rebound.
3:00 of 1st period - Icing by Thomas Hickey.
3:01 of 1st period - Denis Arkhipov wins face-off versus Darren Helm in Mulligans zone.
3:06 of 1st period - Snap shot by Denis Arkhipov.
3:06 of 1st period - Stopped by Brent Krahn with a rebound.
3:08 of 1st period - Snap shot by Denis Arkhipov.
3:08 of 1st period - Goal by Denis Arkhipov - Demolitions : 0 - Mulligans : 1.
3:09 of 1st period - Darren Helm wins face-off versus Maxime Macenauer in neutral zone.
3:12 of 1st period - Maxime Macenauer is hit by Darren Helm and loses puck.
3:35 of 1st period - Tim Schaller is hit by Matt D'Agostini.
4:21 of 1st period - Matt Niskanen is hit by Seth Helgeson and loses puck.
4:32 of 1st period - Minor Penalty to Corban Knight for Hooking.
4:33 of 1st period - Bobby Butler wins face-off versus Denis Arkhipov in Demolitions zone.
4:39 of 1st period - Icing by Denis Arkhipov.
4:40 of 1st period - Bobby Butler wins face-off versus Denis Arkhipov in Mulligans zone.
4:45 of 1st period - Wrist shot by Bobby Butler.
4:45 of 1st period - Stopped by Anders Lindback without a rebound.
4:46 of 1st period - Bobby Butler wins face-off versus Denis Arkhipov in Mulligans zone.
4:47 of 1st period - Wrist shot by Nigel Dawes.
4:47 of 1st period - Stopped by Anders Lindback with a rebound.
6:32 of 1st period - Penalty to Corban Knight is over, Corban Knight is back on ice.
6:46 of 1st period - Wrist shot by Nicolas Blanchard.
6:46 of 1st period - Shot Misses the Net.
6:48 of 1st period - Slapshot by Cameron Schilling.
6:48 of 1st period - Stopped by Anders Lindback with a rebound.
6:50 of 1st period - Slapshot by Cameron Schilling.
6:50 of 1st period - Deflect By David Laliberté.
6:50 of 1st period - Stopped by Anders Lindback with a rebound.
7:02 of 1st period - Snap shot by Jonathan Tremblay.
7:02 of 1st period - Shot Misses the Net.
7:04 of 1st period - Slapshot by Matt Taormina.
7:04 of 1st period - Shot Misses the Net.
7:30 of 1st period - Nicolas Blanchard is hit by Anton Lander and loses puck.
8:06 of 1st period - Cade Fairchild is hit by David Laliberté and loses puck.
8:51 of 1st period - Alex Hutchings is hit by Denis Arkhipov and loses puck.
10:04 of 1st period - Wrist shot by Corban Knight.
10:04 of 1st period - Stopped by Anders Lindback with a rebound.
11:30 of 1st period - Tim Schaller is hit by Nigel Dawes and loses puck.
12:11 of 1st period - Slapshot by Eric Tangradi.
12:11 of 1st period - Stopped by Brent Krahn without a rebound.
12:12 of 1st period - Nicolas Blanchard wins face-off versus Anton Lander in Demolitions zone.
12:35 of 1st period - Denis Arkhipov is hit by Ryan Vesce.
12:41 of 1st period - Backhand shot by Drayson Bowman.
12:41 of 1st period - Stopped by Brent Krahn with a rebound.
12:53 of 1st period - Matt Beleskey is hit by Marek Zagrapan and loses puck.
13:16 of 1st period - Wrist shot by Billy Sweat.
13:16 of 1st period - Stopped by Anders Lindback with a rebound.
13:24 of 1st period - Wrist shot by Jan Hlavac.
13:24 of 1st period - Stopped by Brent Krahn without a rebound.
13:25 of 1st period - Darren Helm wins face-off versus Denis Arkhipov in Demolitions zone.
13:39 of 1st period - Wrist shot by Chris Neil.
13:39 of 1st period - Shot Misses the Net.
13:41 of 1st period - Slapshot by Chris Neil.
13:41 of 1st period - Goal by Chris Neil - Demolitions : 0 - Mulligans : 2.
13:42 of 1st period - Darren Helm wins face-off versus Anton Lander in neutral zone.
14:08 of 1st period - Minor Penalty to Ryan Vesce for Elbowing.
14:09 of 1st period - Denis Arkhipov wins face-off versus Bobby Butler in Demolitions zone.
14:10 of 1st period - Snap shot by Chris Neil.
14:10 of 1st period - Stopped by Brent Krahn without a rebound.
14:11 of 1st period - Denis Arkhipov wins face-off versus Bobby Butler in Demolitions zone.
14:36 of 1st period - Bobby Butler is hit by Michael Del Zotto and loses puck.
16:08 of 1st period - Penalty to Ryan Vesce is over, Ryan Vesce is back on ice.
16:14 of 1st period - Wrist shot by Ryan Vesce.
16:14 of 1st period - Shot Blocked by Jan Hlavac.
16:20 of 1st period - Corban Knight is hit by Jan Hlavac and loses puck.
16:31 of 1st period - Chris Neil is hit by Billy Sweat and loses puck.
18:03 of 1st period - Icing by Eric Tangradi.
18:04 of 1st period - Anton Lander wins face-off versus Nicolas Blanchard in Mulligans zone.
18:09 of 1st period - David Rundblad is hit by Jordan Szwarz and loses puck.
Goals for this period are 0 for Demolitions vs 2 for Mulligans.
Shots for this period are 7 for Demolitions vs 9 for Mulligans.
2nd period
0:01 of 2nd period - Denis Arkhipov wins face-off versus Darren Helm in neutral zone.
1:06 of 2nd period - Off-side.
1:07 of 2nd period - Denis Arkhipov wins face-off versus Corban Knight in neutral zone.
1:12 of 2nd period - Alex Hutchings is hit by Chris Neil and loses puck.
1:20 of 2nd period - Icing by Bobby Butler.
1:21 of 2nd period - Anton Lander wins face-off versus Corban Knight in Demolitions zone.
1:24 of 2nd period - Wrist shot by Eric Tangradi.
1:24 of 2nd period - Shot Misses the Net.
1:32 of 2nd period - Slapshot by Eric Tangradi.
1:32 of 2nd period - Stopped by Brent Krahn with a rebound.
1:34 of 2nd period - Slapshot by Matt Taormina.
1:34 of 2nd period - Stopped by Brent Krahn without a rebound.
1:35 of 2nd period - Darren Helm wins face-off versus Chris Neil in Demolitions zone.
1:35 of 2nd period - Darren Helm is hit by Drayson Bowman.
1:38 of 2nd period - Minor Penalty to Cameron Schilling for Delaying the game.
1:39 of 2nd period - Denis Arkhipov wins face-off versus Bobby Butler in Demolitions zone.
1:43 of 2nd period - Wrist shot by Michael Del Zotto.
1:43 of 2nd period - Goal by Michael Del Zotto - Demolitions : 0 - Mulligans : 3.
1:44 of 2nd period - Denis Arkhipov wins face-off versus Bobby Butler in neutral zone.
1:47 of 2nd period - Slapshot by Michael Del Zotto.
1:47 of 2nd period - Stopped by Brent Krahn with a rebound.
1:49 of 2nd period - Snap shot by Drayson Bowman.
1:49 of 2nd period - Goal by Drayson Bowman - Demolitions : 0 - Mulligans : 4.
1:49 of 2nd period - Joe Cannata enters game.
1:50 of 2nd period - Darren Helm wins face-off versus Anton Lander in neutral zone.
2:10 of 2nd period - Bobby Butler is hit by Eric Tangradi and loses puck.
2:56 of 2nd period - Wrist shot by Tim Schaller.
2:56 of 2nd period - Shot Blocked by Doug Janik.
3:02 of 2nd period - Snap shot by Cameron Schilling.
3:02 of 2nd period - Shot Blocked by Drayson Bowman.
3:05 of 2nd period - Icing by Chris Neil.
3:06 of 2nd period - Denis Arkhipov wins face-off versus Marek Zagrapan in Mulligans zone.
3:15 of 2nd period - Marek Zagrapan is hit by Drayson Bowman and loses puck.
3:42 of 2nd period - Wrist shot by Eric Tangradi.
3:42 of 2nd period - Deflect By Anton Lander.
3:42 of 2nd period - Shot Misses the Net.
3:42 of 2nd period - Puck is out of play.
3:43 of 2nd period - Denis Arkhipov wins face-off versus Marek Zagrapan in Demolitions zone.
3:44 of 2nd period - Snap shot by Drayson Bowman.
3:44 of 2nd period - Shot Misses the Net.
4:09 of 2nd period - Jordan Szwarz is hit by Billy Sweat and loses puck.
4:20 of 2nd period - Snap shot by Billy Sweat.
4:20 of 2nd period - Shot Hit the Post.
4:42 of 2nd period - Slapshot by Michael Del Zotto.
4:42 of 2nd period - Stopped by Joe Cannata without a rebound.
4:43 of 2nd period - Denis Arkhipov wins face-off versus Darren Helm in Demolitions zone.
4:50 of 2nd period - Wrist shot by Denis Arkhipov.
4:50 of 2nd period - Shot Misses the Net.
4:58 of 2nd period - Snap shot by Drayson Bowman.
4:58 of 2nd period - Stopped by Joe Cannata with a rebound.
5:10 of 2nd period - Matt Donovan is hit by Nigel Dawes and loses puck.
6:34 of 2nd period - Slapshot by Jonathan Tremblay.
6:34 of 2nd period - Shot Blocked by Bobby Butler.
6:36 of 2nd period - Slapshot by Thomas Hickey.
6:36 of 2nd period - Shot Blocked by Nick Pryor.
6:38 of 2nd period - Slapshot by Matt Niskanen.
6:38 of 2nd period - Stopped by Joe Cannata with a rebound.
7:00 of 2nd period - Snap shot by Anton Lander.
7:00 of 2nd period - Shot Misses the Net.
7:12 of 2nd period - Snap shot by David Laliberté.
7:12 of 2nd period - Shot Misses the Net.
8:14 of 2nd period - Slapshot by Anton Lander.
8:14 of 2nd period - Goal by Anton Lander - Demolitions : 0 - Mulligans : 5.
8:15 of 2nd period - Marek Zagrapan wins face-off versus Denis Arkhipov in neutral zone.
8:30 of 2nd period - Backhand shot by Nigel Dawes.
8:30 of 2nd period - Shot Blocked by Thomas Hickey.
8:41 of 2nd period - Minor Penalty to Bobby Butler for Tripping.
8:42 of 2nd period - Denis Arkhipov wins face-off versus Billy Sweat in Demolitions zone.
8:47 of 2nd period - Snap shot by Chris Neil.
8:47 of 2nd period - Shot Misses the Net.
8:49 of 2nd period - Slapshot by Matt Taormina.
8:49 of 2nd period - Stopped by Joe Cannata without a rebound.
8:50 of 2nd period - Billy Sweat wins face-off versus Denis Arkhipov in Demolitions zone.
8:59 of 2nd period - Snap shot by Michael Del Zotto.
8:59 of 2nd period - Deflect By Doug Janik.
8:59 of 2nd period - Stopped by Joe Cannata with a rebound.
9:19 of 2nd period - Slapshot by Eric Tangradi.
9:19 of 2nd period - Shot Misses the Net.
9:21 of 2nd period - Snap shot by Eric Tangradi.
9:21 of 2nd period - Deflect By Jonathan Tremblay.
9:21 of 2nd period - Shot Misses the Net.
9:21 of 2nd period - Puck is out of play.
9:22 of 2nd period - Corban Knight wins face-off versus Denis Arkhipov in Demolitions zone.
9:33 of 2nd period - Wrist shot by Matt Niskanen.
9:33 of 2nd period - Shot Misses the Net.
9:35 of 2nd period - Wrist shot by Chris Neil.
9:35 of 2nd period - Shot Blocked by David Rundblad.
9:37 of 2nd period - Snap shot by Chris Neil.
9:37 of 2nd period - Shot Misses the Net.
10:41 of 2nd period - Penalty to Bobby Butler is over, Bobby Butler is back on ice.
11:14 of 2nd period - Snap shot by Matt Beleskey.
11:14 of 2nd period - Deflect By Jonathan Tremblay.
11:14 of 2nd period - Stopped by Joe Cannata with a rebound.
11:16 of 2nd period - Snap shot by Matt Beleskey.
11:16 of 2nd period - Stopped by Joe Cannata with a rebound.
11:30 of 2nd period - Billy Sweat is hit by Eric Tangradi and loses puck.
12:51 of 2nd period - Wrist shot by Eric Tangradi.
12:51 of 2nd period - Stopped by Joe Cannata with a rebound.
13:29 of 2nd period - Slapshot by Matt Taormina.
13:29 of 2nd period - Stopped by Joe Cannata with a rebound.
13:31 of 2nd period - Slapshot by Matt Taormina.
13:31 of 2nd period - Shot Misses the Net.
13:33 of 2nd period - Slapshot by Matt Taormina.
13:33 of 2nd period - Stopped by Joe Cannata without a rebound.
13:34 of 2nd period - Tim Schaller wins face-off versus Darren Helm in Demolitions zone.
13:35 of 2nd period - Slapshot by Jan Hlavac.
13:35 of 2nd period - Shot Blocked by Seth Helgeson.
14:36 of 2nd period - Ryan Vesce is hit by Maxime Macenauer and loses puck.
14:43 of 2nd period - Matt Beleskey is hit by Ryan Vesce and loses puck.
15:18 of 2nd period - Wrist shot by Anton Lander.
15:18 of 2nd period - Stopped by Joe Cannata with a rebound.
15:20 of 2nd period - Wrist shot by Anton Lander.
15:20 of 2nd period - Stopped by Joe Cannata without a rebound.
15:21 of 2nd period - Corban Knight wins face-off versus Denis Arkhipov in Demolitions zone.
15:53 of 2nd period - Icing by Anton Lander.
15:54 of 2nd period - Marek Zagrapan wins face-off versus Anton Lander in Mulligans zone.
15:57 of 2nd period - Snap shot by Matt D'Agostini.
15:57 of 2nd period - Stopped by Anders Lindback with a rebound.
16:15 of 2nd period - Slapshot by Matt Niskanen.
16:15 of 2nd period - Shot Blocked by David Rundblad.
17:34 of 2nd period - David Rundblad is hit by Eric Tangradi and loses puck.
17:57 of 2nd period - Wrist shot by Eric Tangradi.
17:57 of 2nd period - Shot Misses the Net.
17:59 of 2nd period - Backhand shot by Jordan Szwarz.
17:59 of 2nd period - Shot Blocked by David Rundblad.
18:01 of 2nd period - Snap shot by Jordan Szwarz.
18:01 of 2nd period - Goal by Jordan Szwarz - Demolitions : 0 - Mulligans : 6.
18:02 of 2nd period - Denis Arkhipov wins face-off versus Darren Helm in neutral zone.
18:13 of 2nd period - Slapshot by Doug Janik.
18:13 of 2nd period - Stopped by Anders Lindback with a rebound.
18:15 of 2nd period - Snap shot by Doug Janik.
18:15 of 2nd period - Stopped by Anders Lindback without a rebound.
18:16 of 2nd period - Maxime Macenauer wins face-off versus Darren Helm in Mulligans zone.
18:19 of 2nd period - Slapshot by Ryan Vesce.
18:19 of 2nd period - Stopped by Anders Lindback without a rebound.
18:20 of 2nd period - Maxime Macenauer wins face-off versus Darren Helm in Mulligans zone.
18:20 of 2nd period - Maxime Macenauer is hit by Ryan Vesce.
18:32 of 2nd period - Wrist shot by Matt Beleskey.
18:32 of 2nd period - Stopped by Joe Cannata without a rebound.
18:33 of 2nd period - Darren Helm wins face-off versus Denis Arkhipov in Demolitions zone.
19:01 of 2nd period - Nicolas Blanchard is hit by Jonathan Tremblay and loses puck.
19:10 of 2nd period - Wrist shot by Matt Beleskey.
19:10 of 2nd period - Shot Misses the Net.
19:12 of 2nd period - Slapshot by Michael Del Zotto.
19:12 of 2nd period - Shot Misses the Net.
19:28 of 2nd period - Wrist shot by Corban Knight.
19:28 of 2nd period - Stopped by Anders Lindback with a rebound.
19:30 of 2nd period - Snap shot by Bobby Butler.
19:30 of 2nd period - Stopped by Anders Lindback with a rebound.
19:32 of 2nd period - Slapshot by Cameron Schilling.
19:32 of 2nd period - Stopped by Anders Lindback with a rebound.
Goals for this period are 0 for Demolitions vs 4 for Mulligans.
Shots for this period are 7 for Demolitions vs 20 for Mulligans.
3rd period
0:01 of 3rd period - Denis Arkhipov wins face-off versus Darren Helm in neutral zone.
0:06 of 3rd period - Cameron Schilling is hit by Denis Arkhipov and loses puck.
1:10 of 3rd period - Off-side.
1:11 of 3rd period - Denis Arkhipov wins face-off versus Marek Zagrapan in neutral zone.
1:16 of 3rd period - Slapshot by Michael Del Zotto.
1:16 of 3rd period - Stopped by Joe Cannata with a rebound.
1:18 of 3rd period - Slapshot by Chris Neil.
1:18 of 3rd period - Shot Blocked by Marek Zagrapan.
1:20 of 3rd period - Slapshot by Matt Taormina.
1:20 of 3rd period - Shot Blocked by David Rundblad.
1:38 of 3rd period - Bobby Butler is hit by Eric Tangradi and loses puck.
1:47 of 3rd period - Wrist shot by Ryan Vesce.
1:47 of 3rd period - Shot Misses the Net.
2:07 of 3rd period - Snap shot by Maxime Macenauer.
2:07 of 3rd period - Shot Blocked by David Rundblad.
2:09 of 3rd period - Snap shot by Maxime Macenauer.
2:09 of 3rd period - Shot Blocked by David Rundblad.
3:29 of 3rd period - Maxime Macenauer is hit by Nicolas Blanchard and loses puck.
3:42 of 3rd period - Ryan Vesce is hit by Logan Shaw and loses puck.
4:12 of 3rd period - Backhand shot by Jonathan Tremblay.
4:12 of 3rd period - Deflect By Matt Beleskey.
4:12 of 3rd period - Shot Misses the Net.
4:12 of 3rd period - Puck is out of play.
4:13 of 3rd period - Maxime Macenauer wins face-off versus Nicolas Blanchard in Demolitions zone.
4:18 of 3rd period - Wrist shot by Matt Beleskey.
4:18 of 3rd period - Stopped by Joe Cannata without a rebound.
4:19 of 3rd period - Denis Arkhipov wins face-off versus Darren Helm in Demolitions zone.
4:34 of 3rd period - Snap shot by Chris Neil.
4:34 of 3rd period - Shot Misses the Net.
4:40 of 3rd period - Minor Penalty to Ryan Vesce for High sticking.
4:41 of 3rd period - Bobby Butler wins face-off versus Denis Arkhipov in Demolitions zone.
5:14 of 3rd period - Off-side.
5:15 of 3rd period - Anton Lander wins face-off versus Darren Helm in neutral zone.
6:10 of 3rd period - Wrist shot by Billy Sweat.
6:10 of 3rd period - Shot Blocked by Matt Taormina.
6:12 of 3rd period - Slapshot by David Rundblad.
6:12 of 3rd period - Shot Blocked by Michael Del Zotto.
6:40 of 3rd period - Penalty to Ryan Vesce is over, Ryan Vesce is back on ice.
6:50 of 3rd period - Snap shot by David Laliberté.
6:50 of 3rd period - Shot Blocked by Matt Niskanen.
7:07 of 3rd period - Jonathan Tremblay is hit by Bobby Butler and loses puck.
8:02 of 3rd period - Snap shot by Matt D'Agostini.
8:02 of 3rd period - Shot Misses the Net.
8:17 of 3rd period - Off-side.
8:18 of 3rd period - Anton Lander wins face-off versus Nicolas Blanchard in neutral zone.
9:13 of 3rd period - Minor Penalty to Marek Zagrapan for Hooking.
9:14 of 3rd period - Denis Arkhipov wins face-off versus Bobby Butler in Demolitions zone.
9:39 of 3rd period - Doug Janik is hit by Eric Tangradi and loses puck.
11:13 of 3rd period - Penalty to Marek Zagrapan is over, Marek Zagrapan is back on ice.
11:27 of 3rd period - Slapshot by Matt Taormina.
11:27 of 3rd period - Stopped by Joe Cannata with a rebound.
11:29 of 3rd period - Slapshot by Michael Del Zotto.
11:29 of 3rd period - Stopped by Joe Cannata with a rebound.
11:31 of 3rd period - Backhand shot by Matt Taormina.
11:31 of 3rd period - Shot Blocked by Seth Helgeson.
11:33 of 3rd period - Slapshot by Anton Lander.
11:33 of 3rd period - Shot Misses the Net.
11:35 of 3rd period - Slapshot by Jonathan Tremblay.
11:35 of 3rd period - Shot Misses the Net.
11:37 of 3rd period - Slapshot by Jonathan Tremblay.
11:37 of 3rd period - Stopped by Joe Cannata with a rebound.
11:39 of 3rd period - Snap shot by Jonathan Tremblay.
11:39 of 3rd period - Stopped by Joe Cannata without a rebound.
11:40 of 3rd period - Denis Arkhipov wins face-off versus Darren Helm in Demolitions zone.
11:41 of 3rd period - Snap shot by Matt Niskanen.
11:41 of 3rd period - Stopped by Joe Cannata with a rebound.
13:30 of 3rd period - Snap shot by Marek Zagrapan.
13:30 of 3rd period - Shot Misses the Net.
13:32 of 3rd period - Slapshot by Doug Janik.
13:32 of 3rd period - Shot Blocked by Gord Baldwin.
13:34 of 3rd period - Slapshot by Matt D'Agostini.
13:34 of 3rd period - Stopped by Anders Lindback with a rebound.
13:41 of 3rd period - Icing by Maxime Macenauer.
13:42 of 3rd period - Denis Arkhipov wins face-off versus Darren Helm in Mulligans zone.
14:02 of 3rd period - Snap shot by Marek Zagrapan.
14:02 of 3rd period - Deflect By Nigel Dawes.
14:02 of 3rd period - Stopped by Anders Lindback with a rebound.
14:04 of 3rd period - Snap shot by Matt D'Agostini.
14:04 of 3rd period - Goal by Matt D'Agostini - Demolitions : 1 - Mulligans : 6.
14:05 of 3rd period - Darren Helm wins face-off versus Denis Arkhipov in neutral zone.
14:08 of 3rd period - Snap shot by Bobby Butler.
14:08 of 3rd period - Stopped by Anders Lindback without a rebound.
14:09 of 3rd period - Chris Neil wins face-off versus Ryan Vesce in Mulligans zone.
14:44 of 3rd period - Snap shot by Jordan Szwarz.
14:44 of 3rd period - Shot Blocked by Bobby Butler.
14:46 of 3rd period - Wrist shot by Eric Tangradi.
14:46 of 3rd period - Stopped by Joe Cannata with a rebound.
14:59 of 3rd period - Wrist shot by Matt D'Agostini.
14:59 of 3rd period - Shot Misses the Net.
16:05 of 3rd period - Snap shot by Jordan Szwarz.
16:05 of 3rd period - Stopped by Joe Cannata with a rebound.
17:19 of 3rd period - Slapshot by Marek Zagrapan.
17:19 of 3rd period - Shot Misses the Net.
17:32 of 3rd period - Off-side.
17:33 of 3rd period - Anton Lander wins face-off versus Corban Knight in neutral zone.
17:36 of 3rd period - Slapshot by Matt Niskanen.
17:36 of 3rd period - Stopped by Joe Cannata without a rebound.
17:37 of 3rd period - Anton Lander wins face-off versus Matt D'Agostini in Demolitions zone.
18:13 of 3rd period - Corban Knight is hit by Jordan Szwarz and loses puck.
18:24 of 3rd period - Slapshot by Cameron Schilling.
18:24 of 3rd period - Stopped by Anders Lindback with a rebound.
18:57 of 3rd period - Off-side.
18:58 of 3rd period - Denis Arkhipov wins face-off versus Darren Helm in neutral zone.
19:03 of 3rd period - Snap shot by Chris Neil.
19:03 of 3rd period - Shot Misses the Net.
19:05 of 3rd period - Slapshot by Michael Del Zotto.
19:05 of 3rd period - Stopped by Joe Cannata without a rebound.
19:06 of 3rd period - Darren Helm wins face-off versus Denis Arkhipov in Demolitions zone.
19:50 of 3rd period - Off-side.
19:51 of 3rd period - Marek Zagrapan wins face-off versus Maxime Macenauer in neutral zone.
19:56 of 3rd period - Snap shot by Nigel Dawes.
19:56 of 3rd period - Stopped by Anders Lindback with a rebound.
19:58 of 3rd period - Slapshot by Nigel Dawes.
19:58 of 3rd period - Stopped by Anders Lindback without a rebound.
19:59 of 3rd period - Darren Helm wins face-off versus Matt Beleskey in Mulligans zone.
Goals for this period are 1 for Demolitions vs 0 for Mulligans.
Shots for this period are 7 for Demolitions vs 11 for Mulligans.
Back to the Top